 Dungeon Crawl Stone Soup version 0.31-a0-986-g5e6e4ef867 (webtiles) character file.

Game seed: 1273442498166513632

467 wildpjah the Ducker (level 7, 0/48 HPs)
             Began as a Merfolk Enchanter on Nov 18, 2023.
             Was an Initiate of Makhleb.
             Slain by a water moccasin (2 damage)
             ... on level 4 of the Dungeon.
             The game lasted 00:08:25 (3776 turns).

wildpjah the Ducker (Merfolk Enchanter)             Turns: 3776, Time: 00:08:26

Health: 0/48       AC:  3    Str:  8    XL:     7   Next: 8%
Magic:  19/19      EV: 20    Int: 14    God:    Makhleb [......]
Gold:   172        SH:  0    Dex: 17    Spells: 9/11 levels left

rFire   . . .        h - +0 dagger (drain)
rCold   . . .        (no shield)
rNeg    . . .        b - +0 robe
rPois   .            f - +0 helmet
rElec   .            (no cloak)
rCorr   .            (no gloves)
SInv    .            (no boots)
Will    .....        (no amulet)
Stlth   +++          e - ring of magical power
HPRegen 0.28/turn    k - +5 ring of evasion
MPRegen 0.16/turn

%: no passive effects
@: lethally poisoned (0 -> -17)
A: (nimble swimmer 2), mertail
a: Renounce Religion


You were on level 4 of the Dungeon.
You worshipped Makhleb.
Makhleb was noncommittal.
You visited 1 branch of the dungeon, and saw 4 of its levels.

You collected 172 gold pieces.

Inventory:

Hand Weapons
 a - a +1 dagger
 h - a +0 dagger of draining (weapon)
 q - a +0 short sword
Missiles
 t - a throwing net (quivered)
Armour
 b - a +0 robe (worn)
 f - a +0 helmet (worn)
Jewellery
 e - a ring of magical power (left hand)
 g - a ring of see invisible
 k - a +5 ring of evasion (right hand)
Scrolls
 d - 2 scrolls of enchant armour {unknown}
 i - a scroll of brand weapon {unknown}
 o - 4 scrolls of teleportation {unknown}
 p - a scroll of vulnerability {unknown}
 s - a scroll of fog {unknown}
Potions
 c - a potion of invisibility
 j - a potion of cancellation
 l - a potion of lignification {unknown}
 m - a potion of mutation {unknown}
 n - 2 potions of degeneration {unknown}
 r - a potion of haste {unknown}


   Skills:
 + Level 1.2 Fighting
 + Level 3.4 Short Blades
 * Level 5.8 Dodging
 + Level 5.1 Stealth
 + Level 2.5 Spellcasting
 + Level 3.8 Hexes
 * Level 2.1 Ice Magic


You had 9 spell levels left.
You knew the following spells:

 Your Spells              Type           Power      Damage    Failure   Level
a - Ensorcelled Hibernat  Hex/Ice        20%        N/A       10%         2

Your spell library contained the following spells:

 Spells                   Type           Power      Damage    Failure   Level
 Confusing Touch          Hex            12%        N/A       14%         3
 Tukima's Dance           Hex            12%        N/A       14%         3
 Dazzling Flash           Conj/Hex       14%        N/A       30%         3


Dungeon Overview and Level Annotations

Branches:
Dungeon (4/15)
 Temple: D:4-7

Altars:
Makhleb

Shops:
D:1 [


Innate Abilities, Weirdness & Mutations

((You are very nimble when in or above water. (Stealth+, EV+, Speed+++)))
Your lower body shifts to a powerful aquatic tail in water.


Message History

You hit the jelly but do no damage. You drain the jelly.
Your hands burn!
The jelly is lightly wounded.
The hobgoblin misses you. The jelly completely misses you.
The water moccasin barely misses you.
You hit the jelly but do no damage.
Your hands burn!
The jelly is lightly wounded.
The hobgoblin misses you. The jelly hits you but does no damage.
The water moccasin closely misses you.
You hit the jelly. The acid corrodes you!
Your hands burn!
The jelly is moderately wounded.
The water moccasin barely misses you. The hobgoblin closely misses you.
The jelly completely misses you.
You hit the jelly but do no damage. You drain the jelly.
Your hands burn!
The jelly is severely wounded.
The water moccasin bites you. The hobgoblin barely misses you.
The jelly misses you.
You hit the jelly.
Your hands burn!
The jelly is severely wounded.
The water moccasin bites you.
You are poisoned.
The water moccasin poisons you!
You hit the jelly. You drain the jelly.
You kill the jelly!
Makhleb accepts your kill.
You feel sick. The water moccasin misses you. The hobgoblin closely misses you.
You feel sick. The hobgoblin misses you.
The water moccasin completely misses you.
You feel sick. The hobgoblin hits you.
You feel sick. The water moccasin bites you!
* * * LOW HITPOINT WARNING * * *
You are lethally poisoned!
The water moccasin poisons you!
It was a potion of cancellation.
Your magical effects are unravelling.
You feel magically purged.
You are no longer corroded.
* * * LOW HITPOINT WARNING * * *
You feel very sick. The water moccasin bites you.
You die...

#.#........#
###.#........#
.............#
........)....#
.............#
.............#
....#...g....#
..######S#####
.# #@# #.# #.#
#.# #.# #.#
... ...


You could see a water moccasin and a hobgoblin.

Vanquished Creatures
  Sigmund (D:2)
  A black bear (D:3)
  A jelly (D:4)
  An orc wizard (D:3)
  Robin (D:2)
  5 adders
  4 dart slugs
  8 orcs
  5 bats
  6 endoplasms
  3 giant cockroaches
  15 goblins
  8 hobgoblins
  6 jackals
  A quokka (D:2)
  3 ball pythons
  3 frilled lizards
  8 kobolds
  7 rats
87 creatures vanquished.

Notes
Turn   | Place    | Note
-------+----------+-------------------------------------------
     0 | D:1      | wildpjah the Merfolk Enchanter began the quest for the Orb.
     0 | D:1      | Reached XP level 1. HP: 13/13 MP: 3/3
     9 | D:1      | Noticed an electric eel
    73 | D:1      | Found Qifem's Antique Armour Emporium.
   245 | D:1      | Found a faded altar of an unknown god.
   479 | D:1      | Reached XP level 2. HP: 19/19 MP: 5/5
   686 | D:1      | Learned a level 2 spell: Ensorcelled Hibernation
   827 | D:1      | Reached XP level 3. HP: 24/24 MP: 6/6
  1438 | D:2      | Reached XP level 4. HP: 20/30 MP: 7/7
  1626 | D:2      | Noticed Sigmund
  1644 | D:2      | Killed Sigmund
  1645 | D:2      | Reached skill level 1 in Ice Magic
  1645 | D:2      | Reached XP level 5. HP: 20/36 MP: 8/8
  1645 | D:2      | Reached XP level 6. HP: 23/42 MP: 9/9
  2001 | D:2      | Reached skill level 5 in Dodging
  2421 | D:3      | Noticed Robin
  2425 | D:2      | Killed Robin
  3024 | D:3      | Reached skill level 1 in Fighting
  3314 | D:3      | Found a burning altar of Makhleb.
  3326 | D:3      | Became a worshipper of Makhleb the Destroyer
  3375 | D:3      | Noticed a black bear
  3388 | D:3      | Killed a black bear
  3389 | D:3      | Reached skill level 5 in Stealth
  3459 | D:3      | Reached XP level 7. HP: 41/48 MP: 10/10
  3776 | D:4      | HP: 2/48 [poisoned by a water moccasin]
  3776 | D:4      | Slain by a water moccasin

Illustrated notes

Levels and vault maps discovered:
D:1:      arrival_aquarium_a, layout_basic, nicolae_ecumenical_lake_church,
          serial_shops, shop, minmay_misc_feat_five
D:2:      minmay_evil_eye, layout_basic, chequers_serial_rivers_large_b,
          nicolae_titane, uniq_sigmund
D:3:      layout_loops_corners, mainiacjoe_overflow_small_starburst, uniq_robin
D:4:      layout_rooms, minmay_cupped

Skill      XL: |  1  2  3  4  5  6 |
---------------+-------------------+-----
Dodging        | 3 4 5 |  5.8
Short Blades   | 2 3 |  3.4
Stealth        | 4 5 |  5.1
Ice Magic      | 1 2 |  2.1
Fighting       | 1 |  1.2
Spellcasting   | |  2.5
Hexes          | |  3.8

Action                     |  1- 3 |  4- 6 |  7- 9 || total
---------------------------+-------+-------+-------++-------
  Melee: Dagger            |   105 |   169 |     7 ||   281
         Punch             |       |     4 |       ||     4
   Cast: Ensorcelled Hiber |       |    26 |       ||    26
    Use: Potion            |     2 |       |     1 ||     3
   Stab: Sleeping          |     8 |    18 |     1 ||    27
 Armour: Robe              |    46 |    72 |     6 ||   124
  Dodge: Dodged            |    70 |   153 |    15 ||   238

Table legend: (Time is in decaauts)
 A = Elapsed time spent in this place.
 B = Non-inter-level travel time spent in this place.
 C = Inter-level travel time spent in this place.
 D = Time resting spent in this place.
 E = Time spent auto-exploring this place.
 F = Levels seen in this place.
 G = Mean time per level.
                   A        B        C        D        E       F      G
               +--------+--------+--------+--------+--------+-----+--------+
         Total |   3707 |   3592 |    115 |     76 |   2838 |   4 |  926.8 |
       Dungeon |   3707 |   3592 |    115 |     76 |   2838 |   4 |  926.8 |
               +--------+--------+--------+--------+--------+-----+--------+

Top non-repeatable levels by time:
     D:2: 1293 daAuts
     D:1: 1249 daAuts
     D:3: 1129 daAuts
     D:4: 34 daAuts
